 Dungeon Crawl Stone Soup version 0.28.0-49-g6dfe1f597d (webtiles) character file.

Game seed: 3430147157684672536

510 issech the Cudgeller (level 6, -15/61 HPs)
             Began as a Troll Monk on May 11, 2022.
             Demolished by a small abomination (17 damage)
             ... on level 3 of the Dungeon on May 12, 2022.
             The game lasted 00:11:53 (3233 turns).

issech the Cudgeller (Troll Monk)                   Turns: 3233, Time: 00:11:53

Health: -15/61     AC:  6    Str: 20    XL:     6   Next: 98%
Magic:  5/5        EV: 11    Int: 12    God:
Gold:   200        SH:  0    Dex: 14    Spells: 5/5 levels left

rFire   . . .      SeeInvis .   h - +2 spear (venom)
rCold   . . .      Faith    .   (no shield)
rNeg    . . .      Spirit   .   b - +0 robe
rPois   .          Reflect  .   (helmet restricted)
rElec   .          Harm     .   w - +1 cloak {Will+}
rCorr   .          Rampage  .   (gloves unavailable)
Will    +....                   (boots unavailable)
Stlth   ++........              f - amulet of the acrobat
HPRegen 1.00/turn               k - +6 ring of intelligence
MPRegen 0.09/turn               o - ring of flight

@: flying
A: large, unfitting armour, claws 3, regeneration 1, shaggy fur 1, tough skin 1
a: no special abilities


You were on level 3 of the Dungeon.
You visited 1 branch of the dungeon, and saw 5 of its levels.

You collected 200 gold pieces.

Inventory:

Hand Weapons
 a - a +0 mace
 h - a +2 spear of venom (weapon)
 r - a +2 short sword of freezing
 x - a +3 quarterstaff of chaos
Missiles
 d - 40 arrows
 e - 30 sling bullets
 j - 5 boomerangs (quivered)
 l - 113 stones
Armour
 b - a +0 robe (worn)
 w - a +1 cloak of willpower (worn)
Jewellery
 f - an amulet of the acrobat (around neck)
 k - a +6 ring of intelligence (left claw)
 o - a ring of flight (right claw)
 s - an amulet of faith
Wands
 n - a wand of paralysis (12)
 y - a wand of polymorph (8)
Scrolls
 i - a scroll of silence {unknown}
 m - a scroll of identify {unknown}
 p - 2 scrolls of blinking {unknown}
 q - 2 scrolls of teleportation {unknown}
 t - a scroll of amnesia {unknown}
 u - a scroll of acquirement {unknown}
Potions
 c - a potion of lignification {unknown}
 g - a potion of flight {unknown}
 v - a potion of attraction {unknown}
 z - a potion of heal wounds {unknown}


   Skills:
 + Level 3.5 Fighting
 + Level 4.0 Maces & Flails
 + Level 3.0 Polearms
 + Level 3.4 Dodging
 + Level 2.1 Stealth


You had 5 spell levels left.
You didn't know any spells.
Your spell library contained the following spells:

 Spells                   Type           Power      Damage    Failure   Level
 Slow                     Hex            0%         N/A       32%         1


Dungeon Overview and Level Annotations

Branches:
Dungeon (5/15)
 Temple: D:4-7

Altars:
Fedhas
Kikubaaqudgha

Shops:
D:1 (   D:2 !!(

Portals:
Abyss: D:3

Annotations:
D:3 1 transporter, Grinder; Holdthepickle's ghost, amateur OgFE


Innate Abilities, Weirdness & Mutations

You are too large for most types of armour.
You have claws for hands.
Your natural rate of healing is unusually fast.
You are covered in fur. (AC +1)
You have tough skin. (AC +1)


Message History

You puncture the white imp!
You kill the white imp!
You hit the small abomination but do no damage.
The small abomination closely misses you.
You hit the small abomination but do no damage.
The small abomination hits you!
You hit the small abomination.
The small abomination is lightly damaged.
The small abomination hits you but does no damage.
You hit the small abomination but do no damage.
The small abomination is lightly damaged.
The small abomination completely misses you.
You hit the small abomination but do no damage.
The small abomination is lightly damaged.
The small abomination hits you!
You closely miss the small abomination.
The small abomination is lightly damaged.
The small abomination hits you! x2
* * * LOW HITPOINT WARNING * * *
You hit the small abomination.
The small abomination is moderately damaged.
The small abomination hits you but does no damage.
You closely miss the small abomination.
The small abomination is moderately damaged.
The small abomination hits you but does no damage.
You barely miss the small abomination.
The small abomination is moderately damaged.
The small abomination hits you!
* * * LOW HITPOINT WARNING * * *
Holdthepickle's ghost misses you.
You see here a book of Displacement.
You hit Holdthepickle's ghost.
Holdthepickle's ghost is lightly damaged.
The small abomination hits you.
* * * LOW HITPOINT WARNING * * *
Holdthepickle's ghost hits you but does no damage.
You hit Holdthepickle's ghost.
Holdthepickle's ghost is lightly damaged.
The small abomination hits you!
You die...

...#©# ##.# #....#.........##....
...##.# ###..#####.........##....
....# .#..5######..........##....
....###....##..............##....
......#.##.#...............''....
.....©#g..##..###..........##....
.....##.#W#..##©##.........##....
....##. #.##.#.x.##..###'#.#####'
#...# # # ###.#@##..###.#.#####.
#..##.#.^##.∩.#W##.....#.#.....#.
#..#x...#.......#©...#.#.#####.#.
#..#.###...##.#.#....#.#.##<...#.
#..###.##.####.##....#.#.#######.
#.......###..###.......#.........
#......................##########
.....................#.#
.................#####.#


You could see a small abomination and Holdthepickle's ghost.

Vanquished Creatures
  A sky beast (D:4)
  2 scorpions (D:4)
  Crazy Yiuf (D:3)
  Jessica (D:3)
  Ijyb (D:3)
  An iguana (D:4)
  An orc wizard (D:4)
  5 adders
  4 gnolls (D:3)
  A white imp (D:3)
  2 dart slugs
  11 orcs
  6 ball pythons
  4 bats
  4 endoplasms (D:1)
  2 giant cockroaches
  3 goblins
  4 hobgoblins
  3 jackals (D:2)
  5 kobolds
  3 quokkas
  6 frilled lizards
  3 rats
74 creatures vanquished.

Notes
Turn   | Place    | Note
-------+----------+-------------------------------------------
     0 | D:1      | issech the Troll Monk began the quest for the Orb.
     0 | D:1      | Reached XP level 1. HP: 22/22 MP: 0/0
   136 | D:1      | Reached skill level 3 in Maces & Flails
   136 | D:1      | Reached XP level 2. HP: 29/29 MP: 1/1
   137 | D:1      | Found Nocvev's Antique Weapon Boutique.
   758 | D:1      | Found a faded altar of an unknown god.
   979 | D:2      | Found Botun's Distillery.
  1170 | D:2      | Found Wovoah's Antique Weapon Boutique.
  1187 | D:2      | Reached XP level 3. HP: 36/36 MP: 2/2
  1575 | D:2      | Found Gausask's Distillery.
  1712 | D:3      | Reached XP level 4. HP: 44/44 MP: 3/3
  1909 | D:3      | Found an ancient bone altar of Kikubaaqudgha.
  1909 | D:3      | Found a blossoming altar of Fedhas.
  1921 | D:3      | Noticed Grinder
  1928 | D:3      | Paralysed by Grinder for 7 turns
  1949 | D:3      | Paralysed by Grinder for 4 turns
  1956 | D:3      | Paralysed by Grinder for 2 turns
  1965 | D:4      | You are sucked into a shaft and drop 1 floor!
  1965 | D:5      | Entered Level 5 of the Dungeon
  1977 | D:5      | Noticed a sky beast
  1995 | D:4      | Killed a sky beast
  1996 | D:4      | Reached skill level 1 in Polearms
  1996 | D:4      | Reached XP level 5. HP: 32/53 MP: 4/4
  2198 | D:4      | Reached XP level 6. HP: 35/61 MP: 5/5
  2263 | D:4      | Reached skill level 4 in Maces & Flails
  2604 | D:3      | Noticed Jessica
  2614 | D:3      | Killed Jessica
  2622 | D:3      | Got Jessica's Compendium of Bewitchment
  2816 | D:3      | Found a transporter.
  2817 | D:3      | Found a transporter.
  2831 | D:3      | Noticed Ijyb
  2844 | D:3      | Found a runed translucent door.
  2845 | D:3      | Noticed Crazy Yiuf
  2854 | D:3      | Killed Crazy Yiuf
  2884 | D:3      | Found a one-way gate to the infinite horrors of the Abyss.
  2884 | D:3      | Noticed Holdthepickle's ghost (amateur OgFE)
  2893 | D:3      | Killed Ijyb
  3232 | D:3      | HP: 1/61 [small abomination (6)]
  3233 | D:3      | Demolished by a small abomination

Illustrated notes

Levels and vault maps discovered:
D:1:      evilmike_arrival_fibonacci_small, layout_loops_corners, serial_shops,
          nicolae_shop_hallway_stairs,
          hellmonk_ecumenical_altar_pennies_from_heaven
D:2:      layout_loops_cross, serial_shops, nicolae_shop_crystal, shop,
          nicolae_lakefront_shop
D:3:      layout_basic, grunt_temple_overflow_growth_and_decay,
          gammafunk_ghost_abyssal_escape, kennysheep_jessica_study,
          uniq_grinder, uniq_crazy_yiuf_cottage, uniq_ijyb
D:4:      layout_basic
D:5:      layout_basic, gup_sewer_entry_glass, hex_tiny, grunt_ministairs_13,
          uniq_prince_ribbit1

Skill      XL: |  1  2  3  4  5  6 |
---------------+-------------------+-----
Maces & Flails | 3 4 |  4.0
Fighting       | 3 |  3.5
Polearms       | 1 2 3 |  3.0
Dodging        | 3 |  3.4
Stealth        | 2 |  2.1

Action                   |  1- 3 |  4- 6 || total
-------------------------+-------+-------++-------
Melee: Mace              |    37 |       ||    37
       Spear             |    50 |   132 ||   182
 Stab: Sleeping          |     1 |     2 ||     3
       Distracted        |       |     1 ||     1
Armor: Robe              |    25 |    24 ||    49
Dodge: Dodged            |    46 |    55 ||   101
